 Dungeon Crawl Stone Soup version 0.29.0-4-gdea44cf6ec (webtiles) character file.

Game seed: 8266080097644950781

425 qw the Chopper (level 6, -2/37 HPs)
             Began as a Tengu Warper on Aug 28, 2022.
             Slain by Grinder (6 damage)
             ... on level 5 of the Dungeon.
             The game lasted 00:00:19 (2720 turns).

qw the Chopper (Tengu Warper)                       Turns: 2720, Time: 00:00:19

Health: -2/37      AC:  6    Str: 13    XL:     6   Next: 96%
Magic:  10/10      EV: 11    Int: 14    God:
Gold:   117        SH:  0    Dex: 13    Spells: 9/9 levels left

rFire   . . .      SeeInvis .   Y - +1 hand axe (drain)
rCold   . . .      Faith    .   (no shield)
rNeg    . . .      Spirit   .   f - +0 scale mail
rPois   .          Reflect  .   (helmet restricted)
rElec   .          Harm     .   (no cloak)
rCorr   .          Rampage  .   (no gloves)
Will    .....                   (boots unavailable)
Stlth   ..........              (no amulet)
HPRegen 0.12/turn               (no ring)
MPRegen 0.12/turn               (no ring)

@: about to teleport, flying quickly and evasively, quick
A: beak, talons 3, nimble flight
a: no special abilities


You were on level 5 of the Dungeon.
You visited 1 branch of the dungeon, and saw 5 of its levels.

You collected 117 gold pieces.


Innate Abilities, Weirdness & Mutations

You have a beak for a mouth.
You have claws for feet.
Your magical nature lets you fly swiftly and evasively.


   Skills:
 - Level 3.1 Fighting
 + Level 7.4 Axes
 - Level 1.0 Throwing
 - Level 1.1 Armour
 - Level 2.1 Dodging
 - Level 2.0 Spellcasting
 - Level 2.4 Translocations


You had 9 spell levels left.
You didn't know any spells.
Your spell library contained the following spells:

 Spells                   Type           Power      Damage    Failure   Level
 Blink                    Tloc           16%        N/A       54%         2
 Gell's Gravitas          Tloc           8%         N/A       78%         3
 Lesser Beckoning         Tloc           8%         N/A       78%         3
 Teleport Other           Tloc           8%         N/A       78%         3
 Manifold Assault         Tloc           8%         N/A       100%        5

Inventory:

Hand Weapons
 a - a +1 hand axe of flaming
 Y - a +1 hand axe of draining (weapon)
Armour
 f - a +0 scale mail (worn)
Scrolls
 k - a scroll of teleportation
Potions
 b - a potion of lignification {unknown}
 c - a potion of haste {unknown}
 g - a potion of might {unknown}
 h - 3 potions of curing
 q - a potion of attraction {unknown}

Dungeon Overview and Level Annotations

Branches:
Dungeon (6/15)
 Temple: D:4-7

Altars:
Uskayaw

Annotations:
D:2 1 runed translucent door, Crazy Yiuf
D:5 Grinder


Message History

Enter note: You hit the iguana.
You drain the iguana. You claw the iguana, but do no damage.
You peck the iguana, but do no damage.
The iguana is heavily wounded.
You hit the iguana.
The iguana is severely wounded.
The iguana closely misses you. Grinder gestures at you.
You suddenly lose the ability to move!
The iguana bites you.
The iguana bites you but does no damage.
The iguana bites you!
Grinder blinks!
You can move again.
You hit the iguana.
The iguana is almost dead.
The iguana barely misses you.
You hit the iguana.
You kill the iguana!
Your Fighting skill increases to level 3!
You closely miss Grinder. Your peck misses Grinder. Grinder gestures at you.
Pain shoots through your body!
You barely miss Grinder. Your kick misses Grinder.
Grinder blinks!
2712 ||| Stepping ~*~*~tactically~*~*~ (hiding).
You start resting.
Grinder is nearby!
Grinder barely misses you.
You hit Grinder. You claw Grinder. You peck Grinder.
Grinder is moderately wounded.
Grinder blinks!
There is a stone staircase leading down here.
You slash Grinder! You claw Grinder, but do no damage.
Your peck misses Grinder.
Grinder is heavily wounded.
Grinder hits you!
You writhe in agony.
2720 ||| READING 2 scrolls of teleportation.
As you read the scroll of teleportation, it crumbles to dust.
You feel strangely unstable. Grinder hits you.
You writhe in agony.
You die...

........# #..
........# #._
#.......# ....
#.......#
.###.#.......#
##.###.......##
#..(##.ยค.......
.#(#(#..########
..#((#.@........
.#(#(#5#########
#..(##. #####..
....... .......
.....## .....


You could see Grinder and 8 dancing weapons.

Vanquished Creatures
  2 ice beasts (D:6)
  A necrophage (D:6)
  A scorpion (D:6)
  An iguana (D:5)
  Jessica (D:2)
  A worm (D:2)
  A dart slug (D:2)
  4 orcs (D:6)
  3 endoplasms
  A giant cockroach (D:2)
  A goblin (D:2)
  7 hobgoblins (D:1)
  5 jackals (D:2)
  3 quokkas
  5 ball pythons
  2 bats
  5 frilled lizards
  11 kobolds
  11 rats
66 creatures vanquished.

Vanquished Creatures (others)
  3 fungi (D:2)
  3 plants (D:2)
6 creatures vanquished.

Grand Total: 72 creatures vanquished

Notes
Turn   | Place    | Note
-------+----------+-------------------------------------------
     0 | D:1      | qw the Tengu Warper began the quest for the Orb.
     0 | D:1      | Reached XP level 1. HP: 12/12 MP: 4/4
     0 | D:1      | 0 ||| qw: Version: 0.1-a-89-g26bdef1
     0 | D:1      | 0 ||| qw: Game counter: 3064
     0 | D:1      | 0 ||| qw: Always use a shield: true
     0 | D:1      | 0 ||| qw: God list: Okawaru
     0 | D:1      | 0 ||| qw: Allow faded altars: false
     0 | D:1      | 0 ||| qw: Do Orc after D:15 true
     0 | D:1      | 0 ||| qw: Do second Lair branch before Depths: true
     0 | D:1      | 0 ||| qw: Lair rune preference: random
     0 | D:1      | 0 ||| qw: Plans: Normal
     0 | D:1      | 0 ||| PLANNING D:1-11
   142 | D:1      | Reached XP level 2. HP: 17/17 MP: 6/6
   144 | D:1      | 144 ||| Stepping ~*~*~tactically~*~*~ (stealth).
   146 | D:1      | 146 ||| Stepping ~*~*~tactically~*~*~ (stealth).
   150 | D:1      | Reached skill level 3 in Axes
   791 | D:1      | 791 ||| UPGRADING to +0 ring mail.
   801 | D:1      | 801 ||| DROPPING +0 leather armour.
   802 | D:1      | 802 ||| UPGRADING to +1 leather armour of poison
                  | resistance.
   812 | D:1      | 812 ||| READING scroll labelled QIFUAS GAOCK.
   813 | D:1      | 813 ||| DRINKING 2 fizzy blue potions.
   814 | D:1      | 814 ||| DROPPING scroll of blinking.
   827 | D:2      | Noticed Jessica
   829 | D:2      | Killed Jessica
   830 | D:2      | Reached skill level 4 in Axes
   830 | D:2      | Reached XP level 3. HP: 21/21 MP: 7/7
   863 | D:2      | 863 ||| Stepping ~*~*~tactically~*~*~ (hiding).
   981 | D:2      | 981 ||| Stepping ~*~*~tactically~*~*~ (stealth).
   998 | D:2      | Reached XP level 4. HP: 24/26 MP: 8/8
   998 | D:2      | 998 ||| Stepping ~*~*~tactically~*~*~ (stealth).
   999 | D:2      | 999 ||| Stepping ~*~*~tactically~*~*~ (stealth).
  1207 | D:2      | 1207 ||| Stepping ~*~*~tactically~*~*~ (stealth).
  1209 | D:2      | Found a faded altar of an unknown god.
  1220 | D:2      | 1220 ||| Stepping ~*~*~tactically~*~*~ (stealth).
  1251 | D:2      | 1251 ||| Stepping ~*~*~tactically~*~*~ (stealth).
  1252 | D:2      | 1252 ||| Stepping ~*~*~tactically~*~*~ (stealth).
  1254 | D:2      | 1254 ||| Stepping ~*~*~tactically~*~*~ (stealth).
  1257 | D:2      | 1257 ||| Stepping ~*~*~tactically~*~*~ (stealth).
  1456 | D:2      | Found a runed translucent door.
  1457 | D:2      | Noticed Crazy Yiuf
  1541 | D:2      | 1541 ||| Stepping ~*~*~tactically~*~*~ (stealth).
  1548 | D:2      | 1548 ||| Stepping ~*~*~tactically~*~*~ (stealth).
  1555 | D:2      | Reached skill level 5 in Axes
  1779 | D:2      | 1779 ||| Stepping ~*~*~tactically~*~*~ (stealth).
  1894 | D:2      | 1894 ||| Stepping ~*~*~tactically~*~*~ (stealth).
  1895 | D:2      | 1895 ||| Stepping ~*~*~tactically~*~*~ (stealth).
  1896 | D:2      | 1896 ||| Stepping ~*~*~tactically~*~*~ (stealth).
  2007 | D:2      | 2007 ||| READING scroll labelled VIXTUXT ENWOX.
  2008 | D:2      | 2008 ||| READING 3 scrolls labelled SETA EMYVIJES.
  2032 | D:2      | 2032 ||| READING scroll labelled HOLUASMATUU.
  2033 | D:2      | 2033 ||| READING scroll labelled VOORYA HUXKUPU.
  2034 | D:2      | 2034 ||| READING scroll labelled GERCHI QEBLACAY.
  2035 | D:2      | 2035 ||| READING scroll labelled AJUDDITHR WIAFA.
  2036 | D:2      | 2036 ||| READING scroll labelled BASHRU KADE FAY.
  2037 | D:2      | 2037 ||| DRINKING 2 purple potions.
  2138 | D:2      | 2138 ||| DRINKING 2 glowing white potions.
  2139 | D:2      | 2139 ||| DROPPING potion of ambrosia.
  2140 | D:2      | 2140 ||| DROPPING potion of invisibility.
  2291 | D:3      | 2291 ||| DROPPING +0 whip.
  2334 | D:3      | You fall into a shaft and drop 3 floors!
  2337 | D:6      | Noticed a necrophage
  2346 | D:6      | Killed a necrophage
  2347 | D:6      | Gained mutation: Your magical nature lets you fly swiftly
                  | and evasively. [Tengu growth]
  2347 | D:6      | Reached XP level 5. HP: 23/30 MP: 9/9
  2419 | D:6      | Noticed an ice beast
  2429 | D:6      | Killed an ice beast
  2430 | D:6      | Reached skill level 6 in Axes
  2430 | D:6      | Reached XP level 6. HP: 28/35 MP: 10/10
  2509 | D:6      | Noticed an ice beast
  2510 | D:6      | 2510 ||| Stepping ~*~*~tactically~*~*~ (stealth).
  2522 | D:6      | Killed an ice beast
  2523 | D:6      | Reached skill level 7 in Axes
  2682 | D:6      | 2682 ||| DROPPING +0 ring mail.
  2683 | D:6      | 2683 ||| UPGRADING to +0 scale mail.
  2693 | D:6      | 2693 ||| DROPPING +1 leather armour of poison resistance.
  2702 | D:5      | Entered Level 5 of the Dungeon
  2702 | D:5      | Noticed a +0 dagger
  2702 | D:5      | Noticed a +0 dagger
  2702 | D:5      | Noticed a +0 spear
  2702 | D:5      | Noticed a +0 falchion
  2702 | D:5      | Noticed a +0 short sword
  2702 | D:5      | Noticed a +0 short sword
  2702 | D:5      | Noticed a +0 spear
  2702 | D:5      | Noticed a +0 falchion
  2702 | D:5      | Noticed Grinder
  2702 | D:5      | Found a hide-covered altar of Uskayaw.
  2704 | D:5      | Paralysed by Grinder for 3 turns
  2710 | D:5      | Reached skill level 3 in Fighting
  2712 | D:5      | 2712 ||| Stepping ~*~*~tactically~*~*~ (hiding).
  2719 | D:5      | HP: 9/37 [Grinder (6)]
  2720 | D:5      | 2720 ||| READING 2 scrolls of teleportation.
  2720 | D:5      | HP: 4/37 [Grinder (5)]
  2720 | D:5      | Slain by Grinder

Levels and vault maps discovered:
D:1:      wheals_arrival_shading, layout_basic
D:2:      minmay_kobold_bridge, layout_loops_ring,
          shapermc_ecumenical_altar_rom_forum, minmay_rat_gold_closets,
          uniq_jessica, uniq_crazy_yiuf_cottage
D:3:      layout_basic, kennysheep_nondescript, minmay_between
D:5:      layout_basic, mainiacjoe_overflow_alcove_4,
          makhleb_blood_cavern_becter, nicolae_uskayaw_en_pointe, uniq_grinder
D:6:      layout_cave_pools, kennysheep_orc_sif_temple

Skill      XL: |  1  2  3  4  5  6 |
---------------+-------------------+-----
Axes           | 4 5 6 7 |  7.4
Fighting       | 3 |  3.1
Throwing       | |  1.0
Armour         | |  1.1
Dodging        | |  2.1
Spellcasting   | |  2.0
Translocations | |  2.4

Action                   |  1- 3 |  4- 6 || total
-------------------------+-------+-------++-------
Melee: Hand axe          |    51 |   101 ||   152
       Kick              |    15 |    24 ||    39
       Peck              |     7 |    14 ||    21
Throw: Boomerang         |     7 |       ||     7
  Use: Scroll            |     1 |     8 ||     9
       Potion            |     1 |     2 ||     3
 Stab: Sleeping          |     1 |       ||     1
Armor: Leather armour    |     9 |    16 ||    25
       Scale mail        |       |     1 ||     1
Dodge: Dodged            |    14 |    63 ||    77

Table legend:
 A = Non-vault XP
 B = Vault XP
 C = Vault XP percentage of total XP
 D = Non-vault monster count
 E = Vault monster count
 F = Vault count percentage of total count
                 A         B        C        D         E       F
            +---------+---------+-------+---------+---------+-------
      Total |     560 |      48 |   7.9 |      55 |      11 |  16.7
            +---------+---------+-------+---------+---------+-------
        D:1 |      32 |       0 |   0.0 |      22 |       0 |   0.0
        D:2 |      42 |      48 |  53.3 |      22 |      11 |  33.3
        D:3 |       4 |       0 |   0.0 |       2 |       0 |   0.0
        D:5 |      40 |       0 |   0.0 |       1 |       0 |   0.0
        D:6 |     442 |       0 |   0.0 |       8 |       0 |   0.0
            +---------+---------+-------+---------+---------+-------
